 Dungeon Crawl Stone Soup version 0.26-a0-649-gf8c6c3aab7 (webtiles) character file.

Game seed: 11508865656788534312

22413 Gargoyl the Thrower (level 13, -3/103 HPs)
             Began as a Gnoll Abyssal Knight on Sept 26, 2020.
             Was a High Priest of Lugonu.
             Slain by a minotaur
             ... wielding a +4 trident of venom
              (22 damage)
             ... in a Gauntlet.
             The game lasted 00:35:23 (22515 turns).

Gargoyl the Thrower (Gnoll Abyssal Knight)         Turns: 22515, Time: 00:35:24

Health: -3/103     AC: 15    Str: 24    XL:     13   Next: 0%
Magic:  24/24      EV: 14    Int: 21    God:    Lugonu [*****.]
Gold:   1318       SH: 12    Dex: 19    Spells: 27/27 levels left

rFire    + + +     SeeInvis +   g - +5 flail (drain)
rCold    + + .     Faith    .   j - +0 buckler
rNeg     + . .     Spirit   .   J - +1 chain mail of Kleptomania {Str+3 Dex+4 SInv}
rPois    +         Reflect  +   (no helmet)
rElec    +         Harm     .   f - scarf {rC+ rF+}
rCorr    +         Rampage  .   Q - +0 pair of gloves {Str+3}
MR       +....     NoTele   +   G - +0 pair of boots
Stlth    +.........             H - amulet of Kindness {Reflect rElec Int+3 SH+5}
HPRegen  0.27/turn              B - ring of positive energy
MPRegen  0.19/turn              D - ring of Daaronnana {rF+ MR+ Int+2}

@: resistant, stab, studying Throwing
A: distributed training, fangs 1, strong nose
a: Depart the Abyss, Bend Space, Banish, Corrupt, Enter the Abyss, Renounce
Religion


You were in a Gauntlet.
You worshipped Lugonu.
Lugonu was extremely pleased with you.
You visited 2 branches of the dungeon, and saw 16 of its levels.
You visited the Abyss 2 times.
You also visited: Gauntlet.

You collected 1318 gold pieces.

Inventory:

Hand Weapons
 a - a +5 hand axe
 g - a +5 flail of draining (weapon)
 L - a +4 war axe
 O - a +1 hand axe of electrocution
Missiles
 p - 91 poisoned darts (quivered)
Armour
 f - a scarf of resistance (worn)
 j - a +0 buckler (worn)
 G - a +0 pair of boots (worn)
 J - the +1 chain mail of Kleptomania (worn) {Str+3 Dex+4 SInv}
   (You found it on level 9 of the Dungeon)

   It affects your strength (+3).
   It affects your dexterity (+4).
   It lets you see invisible.
 Q - a +0 pair of gloves of strength (worn)
Jewellery
 l - an uncursed amulet of regeneration
 B - a ring of positive energy (left hand)
 D - the ring of Daaronnana (right hand) {rF+ MR+ Int+2}
   (You acquired it on level 7 of the Dungeon)

   [ring of protection from magic]

   It affects your intelligence (+2).
   It protects you from fire.
   It affects your resistance to hostile enchantments.
 H - the amulet of Kindness (around neck) {Reflect rElec Int+3 SH+5}
   (You acquired it on level 1 of the Lair of Beasts)

   [amulet of reflection]

   It shields you and reflects attacks.
   It affects your intelligence (+3).
   It insulates you from electricity.
   It affects your SH (+5).
 I - an uncursed ring of resist corrosion
 K - a +4 ring of protection
 U - a +6 ring of intelligence
Wands
 d - a wand of acid (33)
 u - a wand of random effects (52)
 w - a wand of polymorph (16)
 y - a wand of flame (46)
 S - a wand of disintegration (13)
Scrolls
 e - 3 scrolls of remove curse
 k - 2 scrolls of fog
 m - 2 scrolls of magic mapping
 t - 2 scrolls of teleportation
 F - a scroll of identify
 M - 3 scrolls of fear
 R - a scroll of blinking
 T - a scroll of brand weapon {unknown}
Potions
 b - 5 potions of stabbing
 c - 3 potions of resistance
 h - 2 potions of degeneration
 i - a potion of magic
 n - 2 potions of heal wounds
 q - 2 potions of flight
 r - 4 potions of curing
 s - 5 potions of lignification
 v - 2 potions of cancellation
 x - 6 potions of might {unknown}
 z - 4 potions of mutation {unknown}
 A - a potion of haste {unknown}
 C - a potion of berserk rage {unknown}
 E - 2 potions of brilliance {unknown}
 N - 2 potions of experience {unknown}
 P - a potion of invisibility
Books
 o - a manual of Throwing


   Skills:
 + Level 10.2 Fighting
 + Level 7.8 Short Blades
 + Level 7.8 Long Blades
 + Level 9.1 Axes
 + Level 7.8 Maces & Flails
 + Level 7.8 Polearms
 + Level 7.8 Staves
 + Level 7.8 Slings
 + Level 7.8 Bows
 + Level 7.8 Crossbows
 + Level 10.4 Throwing
 + Level 9.1 Armour
 + Level 8.3 Dodging
 + Level 7.8 Stealth
 + Level 7.8 Shields
 + Level 7.8 Unarmed Combat
 + Level 7.8 Spellcasting
 + Level 6.5 Conjurations
 + Level 6.5 Hexes
 + Level 6.5 Summonings
 + Level 6.5 Necromancy
 + Level 6.5 Translocations
 + Level 6.5 Transmutations
 + Level 6.5 Fire Magic
 + Level 6.5 Ice Magic
 + Level 6.5 Air Magic
 + Level 6.5 Earth Magic
 + Level 6.5 Poison Magic
 + Level 9.7 Invocations
 + Level 7.8 Evocations


You had 27 spell levels left.
You didn't know any spells.
Your spell library contained the following spells:

 Spells                   Type           Power        Failure   Level
 Freeze                   Ice            ####         3%          1
 Magic Dart               Conj           ####         3%          1
 Summon Small Mammal      Summ           ####         3%          1
 Blink                    Tloc           N/A          4%          2
 Call Imp                 Summ           #####...     4%          2
 Ensorcelled Hibernation  Hex/Ice        #####.       4%          2
 Slow                     Hex            #####...     4%          2
 Call Canine Familiar     Summ           #####...     10%         3
 Confusing Touch          Hex            #####...     10%         3
 Conjure Flame            Conj/Fire      #####...     10%         3
 Frozen Ramparts          Ice            #####.       10%         3
 Gell's Gravitas          Tloc           #####.....   10%         3
 Mephitic Cloud           Conj/Pois/Air  #####...     10%         3
 Ozocubu's Armour         Ice            #####...     10%         3
 Summon Guardian Golem    Hex/Summ       #####...     10%         3
 Tukima's Dance           Hex            #####...     10%         3
 Airstrike                Air            #####.....   30%         4
 Hailstorm                Conj/Ice       #####...     30%         4
 Petrify                  Tmut/Erth      #####...     30%         4
 Summon Ice Beast         Ice/Summ       #####...     30%         4
 Summon Lightning Spire   Summ/Air       #####...     30%         4
 Borgnjor's Vile Clutch   Necr/Erth      #####.....   65%         5
 Metabolic Englaciation   Hex/Ice        #####.....   65%         5
 Silence                  Hex/Air        #####.....   65%         5
 Yara's Violent Unravell  Hex/Tmut       #####.....   65%         5
 Freezing Cloud           Conj/Ice/Air   #####.....   99%         6
 Shadow Creatures         Summ           N/A          99%         6


Dungeon Overview and Level Annotations

Branches:
Dungeon (10/15)            Temple (0/1) D:7            Lair (6/6) D:9
  Swamp (0/4) Lair:4        Snake (0/4) Lair:4        Slime (0/5) Lair:6
    Orc (0/2) D:9         Gauntlet (1/1)

Altars:
Ashenzari
Dithmenos
Fedhas
Gozag
Kikubaaqudgha
Nemelex Xobeh
Okawaru
Qazlal
Trog
Uskayaw
Vehumet
Wu Jian
Xom

Annotations:
D:6 , 3 runed translucent doors, DogServant's ghost, novice TeGl
D:9 2 transporters, dracos369's ghost, novice OgAM
Lair:5 1 runed translucent door, Kiguq's ghost, journeyman VSSu
Abyss:1 sneaky's ghost, amateur OgAM Gauntlet 2 transporters, corrupted


Innate Abilities, Weirdness & Mutations

Your experience applies equally to all skills.
You have very sharp teeth.
Your uncanny sense of smell can sniff out nearby items.


Message History

The minotaur gores you but does no damage.
Your chain mail of Kleptomania prevents you from hitting the minotaur.
The minotaur is lightly wounded.
You block the minotaur's attack. x2
You hit the minotaur but do no damage. You drain the minotaur.
The minotaur is lightly wounded.
The minotaur hits you with a +4 trident of venom.
The minotaur gores you but does no damage.
You bludgeon the minotaur!! You drain the minotaur!
The minotaur is heavily wounded.
The minotaur hits you with a +4 trident of venom!!
* * * LOW HITPOINT WARNING * * *
The minotaur gores you but does no damage.
You hit the minotaur.
You bite the minotaur, but do no damage.
The minotaur is severely wounded.
The minotaur barely misses you. You block the minotaur's attack.
You feel ready to backstab.
The minotaur hits you with a +4 trident of venom!!
You die...

#[.[# #8.8# ####[.}#
###8.#8H8# #....#...#
#.#..#8.8# #
#.#.@##'##..#.#
#....H.(......#
##.#.##(#.##.#.#
#..#...(#....
#..#.#####...#.#
##...............§#
#8.###.....#...8§8#
##.....#........§≈#
#######..#.####..#.#§###


You could see a minotaur (drained).

Vanquished Creatures
  A catoblepas (Lair:5)
  2 two-headed ogres (D:9)
  A centaur warrior (D:8)
  2 fire crabs (Gauntlet)
  A black mamba (Lair:4)
  4 cane toads
  3 komodo dragons
  A rime drake (Lair:1)
  An ice devil (Gauntlet)
  A troll (D:7)
  2 hornets (Gauntlet)
  4 blink frogs (Lair:2)
  A bog body (Lair:4)
  4 hippogriffs
  5 flying skulls (Gauntlet)
  5 fire bats (Gauntlet)
  A wyvern (Lair:6)
  20 yaks
  A basilisk (Lair:6)
  Menkaure (D:5)
  Edmund (D:6)
  5 nagas (Lair:4)
  5 swamp worms
  A water moccasin (Lair:2)
  5 porcupines
  Duvessa (D:7)
  4 orc warriors
  A black bear (D:8)
  3 phantoms
  A necrophage (D:8)
  2 ice beasts
  2 centaurs
  A sky beast (D:10)
  3 ogres
  An eye of draining (D:9)
  8 wolves
  4 crocodiles
  6 big kobolds (D:7)
  9 bullfrogs
  Dowan (D:7)
  4 scorpions
  6 killer bees
  6 wights
  An electric eel (Lair:4)
  5 howler monkeys
  A bullfrog zombie (D:7)
  2 centaur zombies
  8 hounds
  2 jellies (D:9)
  6 orc priests
  A centaur skeleton (D:10)
  2 bullfrog skeletons
  Terence (D:2)
  4 iguanas
  11 orc wizards
  6 hell rats (Lair:4)
  12 worker ants
  2 ogre zombies (D:6)
  2 hound zombies
  A howler monkey zombie (D:9)
  5 gnolls
  11 adders
  5 shadow imps
  19 white imps
  An ufetubus (D:5)
  2 oozes
  An adder skeleton (D:6)
  4 worms
  5 dart slugs
  5 leopard geckos
  36 orcs
  7 giant cockroaches
  8 goblins
  6 hobgoblins
  5 jackals
  19 kobolds
  4 quokkas
  A ball python zombie (D:5)
  6 bats
  3 frilled lizards
  2 leopard gecko skeletons
  4 rats
367 creatures vanquished.

Vanquished Creatures (others)
  An entropy weaver (Gauntlet)
  A death drake (Gauntlet)
  A wolf spider (Gauntlet)
  A spectral centaur (Gauntlet)
  A jumping spider (Gauntlet)
  A spectral meliai (Gauntlet)
  A redback (Gauntlet)
  A sky beast (D:8)
  A demonic plant (Gauntlet)
  13 fungi
  52 plants
74 creatures vanquished.

Grand Total: 441 creatures vanquished

Notes
Turn   | Place    | Note
-------+----------+-------------------------------------------
     0 | Abyss:1  | Gargoyl the Gnoll Abyssal Knight began the quest for the
                  | Orb.
     0 | Abyss:1  | Reached XP level 1. HP: 23/23 MP: 3/3
    41 | Abyss:2  | Noticed a large abomination
    45 | Abyss:2  | Noticed a flying skull
    46 | Abyss:2  | Noticed an iron imp
    53 | D:1      | Escaped the Abyss
   157 | D:1      | Reached XP level 2. HP: 27/29 MP: 5/5
   246 | D:1      | Reached * piety under Lugonu
   396 | D:1      | Reached XP level 3. HP: 33/35 MP: 6/6
  1002 | D:2      | Reached skill level 1 in Short Blades
  1002 | D:2      | Reached skill level 1 in Long Blades
  1002 | D:2      | Reached skill level 1 in Maces & Flails
  1002 | D:2      | Reached skill level 1 in Polearms
  1002 | D:2      | Reached skill level 1 in Staves
  1002 | D:2      | Reached skill level 1 in Slings
  1002 | D:2      | Reached skill level 1 in Bows
  1002 | D:2      | Reached skill level 1 in Crossbows
  1002 | D:2      | Reached skill level 1 in Throwing
  1002 | D:2      | Reached skill level 1 in Stealth
  1002 | D:2      | Reached skill level 1 in Shields
  1002 | D:2      | Reached skill level 1 in Unarmed Combat
  1002 | D:2      | Reached skill level 1 in Spellcasting
  1002 | D:2      | Reached skill level 1 in Evocations
  1054 | D:2      | Noticed Terence
  1059 | D:2      | Reached XP level 4. HP: 41/41 MP: 7/7
  1076 | D:2      | Killed Terence
  1143 | D:2      | Reached skill level 1 in Conjurations
  1143 | D:2      | Reached skill level 1 in Hexes
  1143 | D:2      | Reached skill level 1 in Summonings
  1143 | D:2      | Reached skill level 1 in Necromancy
  1143 | D:2      | Reached skill level 1 in Translocations
  1143 | D:2      | Reached skill level 1 in Transmutations
  1143 | D:2      | Reached skill level 1 in Fire Magic
  1143 | D:2      | Reached skill level 1 in Ice Magic
  1143 | D:2      | Reached skill level 1 in Air Magic
  1143 | D:2      | Reached skill level 1 in Earth Magic
  1143 | D:2      | Reached skill level 1 in Poison Magic
  1309 | D:2      | Reached ** piety under Lugonu
  1348 | D:2      | Found an opulent altar of Gozag.
  1628 | D:2      | Reached XP level 5. HP: 46/47 MP: 8/8
  2098 | D:3      | Cast into level 1 of the Abyss (goblin)
  2182 | Abyss:1  | Noticed a starcursed mass
  2183 | D:3      | Escaped the Abyss
  2584 | D:3      | Found a blossoming altar of Fedhas.
  2872 | D:4      | Reached skill level 5 in Invocations
  2872 | D:4      | Reached XP level 6. HP: 53/53 MP: 9/9
  2983 | D:4      | Found a sparkling altar of Nemelex Xobeh.
  3203 | D:4      | Found a hide-covered altar of Uskayaw.
  3204 | D:4      | Found a bloodstained altar of Trog.
  3206 | D:4      | Found a shadowy altar of Dithmenos.
  3258 | D:4      | Found a stormy altar of Qazlal.
  3258 | D:4      | Found an iron altar of Okawaru.
  3744 | D:5      | Entered Level 5 of the Dungeon
  3744 | D:5      | Noticed Menkaure
  3754 | D:5      | Killed Menkaure
  3754 | D:5      | Reached skill level 5 in Axes
  3754 | D:5      | Reached skill level 5 in Armour
  4119 | D:5      | Noticed a phantom
  4146 | D:5      | Killed a phantom
  4146 | D:5      | Reached XP level 7. HP: 48/60 MP: 10/10
  5353 | D:4      | Reached XP level 8. HP: 7/67 MP: 12/12
  5659 | D:6      | Found a transporter.
  5770 | D:6      | Found a runed translucent gate.
  5811 | D:6      | Found a runed translucent gate.
  5811 | D:6      | Found a runed translucent gate.
  5812 | D:6      | Noticed DogServant's ghost (novice TeGl)
  6123 | D:6      | Noticed Edmund
  6128 | D:6      | Killed Edmund
  6132 | D:6      | Found a broken altar of Ashenzari.
  6193 | D:6      | Found a transporter.
  6304 | D:6      | Identified the Guide on the Fetching Birds
  6401 | D:6      | Found an iron altar of Okawaru.
  6424 | D:6      | Found a radiant altar of Vehumet.
  6737 | D:6      | HP: 3/67 [poison (poison gas)]
  7937 | D:7      | Found a staircase to the Ecumenical Temple.
  8023 | D:7      | Noticed Duvessa
  8023 | D:7      | Noticed Dowan
  8032 | D:7      | Killed Duvessa
  8039 | D:7      | Killed Dowan
  8119 | D:7      | Reached XP level 9. HP: 55/73 MP: 14/14
  8124 | D:7      | Reached *** piety under Lugonu
  8901 | D:7      | Found an ancient bone altar of Kikubaaqudgha.
  9033 | D:7      | Found a runed translucent gate.
  9033 | D:7      | Found a runed translucent gate.
  9033 | D:7      | Found a runed translucent gate.
  9034 | D:7      | Identified the +7 short sword of Ekhoz {drain, rPois Int+2}
  9034 | D:7      | Noticed sneaky's ghost (amateur OgAM)
  9154 | D:7      | Identified a scroll of acquirement
  9154 | D:7      | Acquired the ring of Daaronnana {rF+ MR+ Int+2}
  9191 | D:7      | HP: 2/74 [orc warrior/+0 halberd (23)]
  9192 | D:7      | Reached skill level 5 in Dodging
  9572 | D:8      | Found a shimmering altar of Xom.
  9622 | D:8      | Reached skill level 5 in Throwing
  9702 | D:8      | Found an ornate altar of the Wu Jian Council.
 10554 | D:8      | Noticed a centaur warrior
 10555 | D:8      | Noticed a troll
 10789 | D:7      | Killed a troll
 10789 | D:7      | Reached XP level 10. HP: 61/79 MP: 17/17
 10883 | D:8      | Killed a centaur warrior
 10883 | D:8      | Reached skill level 5 in Short Blades
 10883 | D:8      | Reached skill level 5 in Long Blades
 10883 | D:8      | Reached skill level 5 in Maces & Flails
 10883 | D:8      | Reached skill level 5 in Polearms
 10883 | D:8      | Reached skill level 5 in Staves
 10883 | D:8      | Reached skill level 5 in Slings
 10883 | D:8      | Reached skill level 5 in Bows
 10883 | D:8      | Reached skill level 5 in Crossbows
 10883 | D:8      | Reached skill level 5 in Stealth
 10883 | D:8      | Reached skill level 5 in Shields
 10883 | D:8      | Reached skill level 5 in Unarmed Combat
 10883 | D:8      | Reached skill level 5 in Spellcasting
 10883 | D:8      | Reached skill level 5 in Evocations
 11712 | D:9      | Found a staircase to the Orcish Mines.
 11911 | D:9      | Reached **** piety under Lugonu
 12135 | D:9      | Noticed dracos369's ghost (novice OgAM)
 12144 | D:9      | Found a transporter.
 12410 | D:9      | Found a transporter.
 12473 | D:9      | Found a staircase to the Lair.
 12626 | D:9      | Got a tiger eye-encrusted chain mail
 12637 | D:9      | Identified the +1 chain mail of Kleptomania {Str+3 Dex+4
                  | SInv} (You found it on level 9 of the Dungeon)
 12840 | D:7      | Banished sneaky's ghost
 13286 | D:10     | Entered Level 10 of the Dungeon
 13334 | D:9      | Reached XP level 11. HP: 87/87 MP: 19/19
 13727 | D:10     | Reached skill level 5 in Conjurations
 13727 | D:10     | Reached skill level 5 in Hexes
 13727 | D:10     | Reached skill level 5 in Summonings
 13727 | D:10     | Reached skill level 5 in Necromancy
 13727 | D:10     | Reached skill level 5 in Translocations
 13727 | D:10     | Reached skill level 5 in Transmutations
 13727 | D:10     | Reached skill level 5 in Fire Magic
 13727 | D:10     | Reached skill level 5 in Ice Magic
 13727 | D:10     | Reached skill level 5 in Air Magic
 13727 | D:10     | Reached skill level 5 in Earth Magic
 13727 | D:10     | Reached skill level 5 in Poison Magic
 14280 | D:10     | Noticed a two-headed ogre
 14326 | D:9      | Killed a two-headed ogre
 14741 | D:10     | Noticed a two-headed ogre
 15047 | D:9      | Killed a two-headed ogre
 15354 | D:10     | Found a blossoming altar of Fedhas.
 15539 | Lair:1   | Entered Level 1 of the Lair of Beasts
 15540 | Lair:1   | Acquired the amulet of Kindness {Reflect rElec Int+3 SH+5}
 16522 | Lair:1   | Reached ***** piety under Lugonu
 17197 | Lair:2   | Reached XP level 12. HP: 89/96 MP: 22/22
 18613 | Lair:4   | Got a heavily runed plate armour
 18614 | Lair:4   | Identified the cursed +1 plate armour of Apathy {rCorr
                  | Dex+5} (You found it on level 4 of the Lair of Beasts)
 20098 | Lair:4   | Found a staircase to the Snake Pit.
 20234 | Lair:4   | Found an ancient bone altar of Kikubaaqudgha.
 20675 | Lair:4   | Found a staircase to the Swamp.
 20823 | Lair:5   | Found a runed translucent gate.
 20823 | Lair:5   | Noticed a ten-headed hydra
 20823 | Lair:5   | Noticed Kiguq's ghost (journeyman VSSu)
 20825 | Lair:5   | Noticed a 13-headed hydra
 20925 | Lair:5   | Noticed a catoblepas
 20944 | Lair:5   | Killed a catoblepas
 21087 | Lair:5   | You fall into a shaft and drop 1 floor!
 21087 | Lair:6   | Entered Level 6 of the Lair of Beasts
 21096 | Lair:6   | Reached skill level 10 in Throwing
 21103 | Lair:6   | Reached skill level 10 in Fighting
 21155 | Lair:6   | Found a gate leading to a gauntlet.
 21164 | Gauntlet | Entered a Gauntlet
 21164 | Gauntlet | Found a transporter.
 21164 | Gauntlet | Found a transporter.
 21168 | Gauntlet | Found a transporter.
 21168 | Gauntlet | Found a transporter.
 21178 | Gauntlet | Found a transporter.
 21179 | Gauntlet | Found a transporter.
 21188 | Gauntlet | Found a transporter.
 21188 | Gauntlet | Found a transporter.
 21189 | Gauntlet | Noticed an entropy weaver
 21202 | Gauntlet | Corrupted Gauntlet
 21202 | Gauntlet | Noticed a soul eater
 21202 | Gauntlet | Noticed a great orb of eyes
 21202 | Gauntlet | Noticed a red draconian monk
 21202 | Gauntlet | Noticed a starcursed mass
 21202 | Gauntlet | Noticed an Executioner
 21203 | Gauntlet | Noticed a bone dragon
 21205 | Gauntlet | Found a transporter.
 21208 | Gauntlet | Killed an entropy weaver
 21256 | Gauntlet | Found a transporter.
 21271 | Gauntlet | Found a transporter.
 21565 | Gauntlet | Found a transporter.
 21597 | Gauntlet | Got a brightly glowing helmet
 21603 | Gauntlet | Identified the cursed -4 helmet of Keofex {rCorr MP+9
                  | Int-4} (You found it in a Gauntlet)
 21925 | Gauntlet | Found a transporter.
 22029 | Gauntlet | Found a transporter.
 22090 | Gauntlet | Found a transporter.
 22092 | Gauntlet | Found a transporter.
 22174 | Gauntlet | Paralysed by a hornet for 1 turns
 22180 | Gauntlet | Reached XP level 13. HP: 39/103 MP: 24/24
 22492 | Gauntlet | Identified the +8 ring mail of Upsisaf {Regen+ Str+4 Dex-2
                  | Stlth+}
 22492 | Gauntlet | Noticed a minotaur
 22515 | Gauntlet | Slain by a minotaur

Illustrated notes

Levels and vault maps discovered:
D:1:      dpeg_arrival_lava_temple_mockup, layout_loops_ring
D:2:      layout_basic, grunt_gozag_breadcrumbs, uniq_terence
D:3:      layout_rooms, lemuel_coloured_pillars_altar, serial_glass,
          glass_columns_c, glass_columns_a, glass_columns_a, glass_columns_a,
          glass_columns_b, glass_columns_a, glass_columns_c, glass_columns_b,
          glass_columns_a, glass_columns_c, item_on_display_b,
          minmay_strange_pillars
D:4:      layout_layer_cave, lemuel_round_altar, grunt_temple_overflow_open
D:5:      layout_gridville, uniq_menkaure
D:6:      gammafunk_cloud_chamber, layout_basic, ashenzari_conservatory_becter,
          vehumet_altar_wand_db, gammafunk_ghost_split, basic_altar,
          minmay_manual_moon, uniq_edmund
D:7:      layout_loops_ring, marbit_many_paths, minmay_temple_entry_grid,
          gammafunk_ghost_nasty_kobolds, uniq_duvessa
D:8:      minmay_blocky_corners, layout_rooms, old_standard_altar,
          old_standard_altar, minmay_quadrilaterals
D:9:      layout_small_grid, david_lair_shrubbed, orc_0_dummy,
          gammafunk_ghost_stat_death, nrook_campfire
D:10:     layout_rooms, basic_altar
Lair:1:   layout_gridlike, eino_small_chamber_without_monster
Lair:2:   layout_misc_corridors, portal_ice_cave_entry_imps, beast_lair_carwin_4
Lair:3:   layout_long_grid, infiniplex_staircase_pool
Lair:4:   layout_hall_layers, nicolae_swamp_entry_splash_gauntlet,
          minmay_snake_entry_guardpost_medium, basic_altar,
          grunt_forest_stairs_basic, grunt_megastairs_3
Lair:5:   layout_cellular_growth, basic_altar, gammafunk_ghost_hydra_chop,
          minmay_lair_oklob_chamber, lemuel_fruit_fields
Lair:6:   gammafunk_lair_ancient_temple, layout_small_grid,
          dpeg_slime_entry_enclosed_altar, hellmonk_ghost_happy_afterlife,
          basic_altar, gauntlet_entry_generic
Gauntlet: gammafunk_gauntlet_branching [nicolae_gauntlet_arena_quarters,
          gammafunk_gauntlet_arena_grid, nicolae_gauntlet_arena_grate_2,
          gammafunk_gauntlet_arena_teeth, gammafunk_gauntlet_arena_mazey,
          gammafunk_gauntlet_arena_arrow_garden,
          nicolae_gauntlet_arena_flowing_pool, gammafunk_gauntlet_arena_hedges,
          nicolae_gauntlet_exit_dead_adventurers]

Skill      XL: |  1  2  3  4  5  6  7  8  9 10 11 12 |
---------------+-------------------------------------+-----
Short Blades   | 1 2 3 4 5 6 7 |  7.8
Long Blades    | 1 2 3 4 5 6 7 |  7.8
Maces & Flails | 1 2 3 4 5 6 7 |  7.8
Polearms       | 1 2 3 4 5 6 7 |  7.8
Staves         | 1 2 3 4 5 6 7 |  7.8
Slings         | 1 2 3 4 5 6 7 |  7.8
Bows           | 1 2 3 4 5 6 7 |  7.8
Crossbows      | 1 2 3 4 5 6 7 |  7.8
Throwing       | 1 2 4 6 7 9 10 | 10.4
Stealth        | 1 2 3 4 5 6 7 |  7.8
Shields        | 1 2 3 4 5 6 7 |  7.8
Unarmed Combat | 1 2 3 4 5 6 7 |  7.8
Spellcasting   | 1 2 3 4 5 6 7 |  7.8
Evocations     | 1 2 3 4 5 6 7 |  7.8
Conjurations   | 1 2 3 4 5 6 |  6.5
Hexes          | 1 2 3 4 5 6 |  6.5
Summonings     | 1 2 3 4 5 6 |  6.5
Necromancy     | 1 2 3 4 5 6 |  6.5
Translocations | 1 2 3 4 5 6 |  6.5
Transmutations | 1 2 3 4 5 6 |  6.5
Fire Magic     | 1 2 3 4 5 6 |  6.5
Ice Magic      | 1 2 3 4 5 6 |  6.5
Air Magic      | 1 2 3 4 5 6 |  6.5
Earth Magic    | 1 2 3 4 5 6 |  6.5
Poison Magic   | 1 2 3 4 5 6 |  6.5
Dodging        | 3 4 5 6 7 8 |  8.3
Invocations    | 5 6 7 8 9 |  9.7
Axes           | 5 6 7 8 9 |  9.1
Armour         | 5 6 7 8 9 |  9.1
Fighting       | 7 8 9 10 | 10.2

Action                   |  1- 3 |  4- 6 |  7- 9 | 10-12 | 13-15 || total
-------------------------+-------+-------+-------+-------+-------++-------
Melee: Hand axe          |    58 |       |   186 |    17 |       ||   261
       Bite              |    17 |    30 |    68 |   134 |     2 ||   251
       Dagger            |    54 |   244 |   195 |       |       ||   493
       Flail             |       |       |   145 |   787 |     9 ||   941
       War axe           |       |       |       |    25 |       ||    25
Throw: Dart              |     1 |     1 |     1 |    29 |       ||    32
Invok: Depart the Abyss  |     1 |     1 |       |       |       ||     2
       Banish            |       |       |     1 |     2 |       ||     3
       Bend Space        |       |       |       |     4 |       ||     4
       Corrupt           |       |       |       |     1 |       ||     1
Evoke: Wand              |       |       |     4 |       |       ||     4
  Use: Scroll            |     3 |     8 |     4 |    14 |       ||    29
       Potion            |       |     1 |     7 |     4 |     5 ||    17
 Stab: Invisible         |       |       |     2 |       |       ||     2
       Sleeping          |       |       |       |     2 |       ||     2
Armor: Plate armour      |    78 |     8 |       |       |       ||    86
       Scale mail        |       |   108 |   196 |    72 |       ||   376
       Chain mail        |       |       |       |   316 |     7 ||   323
Dodge: Dodged            |    20 |   103 |   312 |   560 |     3 ||   998
Block: Buckler           |    13 |    41 |   137 |   505 |     7 ||   703
       Reflection        |       |       |       |     8 |       ||     8

Table legend: (Time is in decaauts)
 A = Elapsed time spent in this place.
 B = Non-inter-level travel time spent in this place.
 C = Inter-level travel time spent in this place.
 D = Time resting spent in this place.
 E = Time spent auto-exploring this place.
 F = Levels seen in this place.
 G = Mean time per level.
                   A        B        C        D        E       F      G
               +--------+--------+--------+--------+--------+-----+--------+
         Total |  22597 |  21943 |    654 |   8235 |   9252 |  20 | 1129.8 |
       Dungeon |  15452 |  14937 |    515 |   5972 |   6196 |  10 | 1545.2 |
          Lair |   5648 |   5510 |    138 |   1635 |   2947 |   6 |  941.3 |
         Abyss |    137 |    137 |      0 |      0 |     92 |   3 |   45.7 |
      Gauntlet |   1359 |   1359 |      0 |    628 |     17 |   1 | 1359.0 |
               +--------+--------+--------+--------+--------+-----+--------+

Top non-repeatable levels by time:
     D:7: 2613 daAuts
     D:9: 2446 daAuts
     D:6: 2030 daAuts
  Lair:4: 2005 daAuts
     D:8: 1906 daAuts
     D:4: 1601 daAuts
Gauntlet: 1359 daAuts
  Lair:3: 1344 daAuts
     D:5: 1310 daAuts
  Lair:1: 1064 daAuts
    D:10: 967 daAuts
     D:1: 891 daAuts
  Lair:2: 880 daAuts
     D:3: 850 daAuts
     D:2: 834 daAuts
